 Dungeon Crawl Stone Soup version 0.22-a0-617-g6d95e9e (webtiles) character file.

51 iamserjio the Chopper (level 3, -6/51 HPs)
             Began as a Naga Berserker on July 12, 2018.
             Was a Believer of Trog.
             Killed by divine providence
             ... invoked by an orc priest
              (12 damage)
             ... on level 3 of the Dungeon.
             The game lasted 00:03:31 (375 turns).

iamserjio the Chopper (Naga Berserker)               Turns: 375, Time: 00:03:32

Health: -6/51      AC:  2    Str: 24    XL:     3   Next: 81%
Magic:  3/3        EV: 15    Int:  8    God:    Trog [**....]
Gold:   45         SH:  0    Dex: 15    Spells: 2/2 levels left

rFire    . . .     SeeInvis +   a - +0 hand axe
rCold    . . .     Gourm    .   (no shield)
rNeg     + . .     Faith    .   d - +0 robe {rN+}
rPois    +         Spirit   .   (no helmet)
rElec    .         Reflect  .   (no cloak)
rCorr    .         Harm     .   (no gloves)
MR       .....                  (no barding)
Stlth    ..........             (no amulet)
HPRegen  0.17/turn              m - ring of see invisible
MPRegen  0.08/turn              (no ring)

@: agile, berserking, drained, quick
A: large, see invisible, deformed body, poison resistance, slowness 2, slow
metabolism 1, spit poison 1, AC +1
a: Spit Poison, Berserk, Trog's Hand, Renounce Religion


You were on level 3 of the Dungeon.
You worshipped Trog.
Trog was pleased with you.
You were near starving.

You visited 1 branch of the dungeon, and saw 3 of its levels.

You collected 45 gold pieces.

Inventory:

Hand Weapons
 a - a +0 hand axe (weapon)
Missiles
 i - 6 javelins (quivered)
Armour
 b - a +0 animal skin
 d - a +0 robe of positive energy (worn)
Jewellery
 m - a ring of see invisible (left hand)
Wands
 n - a wand of polymorph (12)
Scrolls
 e - a scroll of identify {unknown}
 f - a scroll of remove curse {unknown}
 h - a scroll of amnesia {unknown}
 j - a scroll of noise {unknown}
 o - a scroll of fog {unknown}
Potions
 g - a potion of agility
Comestibles
 c - a ration


   Skills:
 + Level 3.3(2.9) Fighting
 * Level 3.7(3.3) Axes
 + Level 2.0(1.6) Armour
 - Level 1.5(1.2) Dodging
 + Level 2.2(1.8) Stealth


You had 2 spell levels left.
You didn't know any spells.
Your spell library was empty.

Dungeon Overview and Level Annotations

Branches:
Dungeon (3/15)

Altars:
Ashenzari


Innate Abilities, Weirdness & Mutations

You cannot wear boots.
Your serpentine skin is tough. (AC +1)
You have supernaturally acute eyesight. (SInv)
Armour fits poorly on your strangely shaped body.
Your system is resistant to poisons. (rPois)
You cover ground very slowly.
You have a slow metabolism.
You can spit poison.


Message History

You partially resist.
You feel drained.
The orc priest calls upon Beogh to heal the orc.
The orc's wounds heal themselves!
The orc hits you with a hand axe.
* * * LOW HITPOINT WARNING * * *
You slash the orc!
You kill the orc!
Trog accepts your kill.
You can now call upon Trog for regeneration and magic resistance.
You slash the orc!
You kill the orc!
Trog accepts your kill. The orc priest closely misses you.
You see here a whip of draining.
You barely miss the orc priest. The orc priest misses you.
You barely miss the orc priest.
The orc wizard gestures wildly while chanting.
The orc wizard blinks!
The orc priest invokes the aid of Beogh against you.
Beogh smites you!
You die...

....####.## #.#
.>....<...#####.#####
#.#.####.............
#..####...###
#..o..o.....#
#..####...#.# .....#
##.## ....#.######.#
.....o.§o@.).#
....#.######## ..o##.
.#


You could see an orc priest and an orc wizard.

Vanquished Creatures
  2 adders (D:2)
  An ooze (D:1)
  2 dart slugs
  2 orcs (D:3)
  2 giant cockroaches
  2 goblins (D:2)
  2 hobgoblins
  A ball python (D:2)
  4 bats
  A frilled lizard (D:3)
  3 kobolds
  2 rats
24 creatures vanquished.

Notes
Turn   | Place    | Note
-------+----------+-------------------------------------------
     0 | D:1      | iamserjio the Naga Berserker began the quest for the Orb.
     0 | D:1      | Reached XP level 1. HP: 21/21 MP: 1/1
    21 | D:1      | Reached skill level 1 in Stealth
    21 | D:1      | Reached XP level 2. HP: 9/28 MP: 2/2
   180 | D:2      | Reached XP level 3. HP: 11/34 MP: 3/3
   344 | D:2      | You fall through a shaft!
   344 | D:3      | Found a shattered altar of Ashenzari.
   372 | D:3      | Reached ** piety under Trog
   375 | D:3      | Killed from afar by an orc priest

Vault maps used:
D:1:      dpeg_arrival_pond
D:3:      cheibrodos_thug_alley, ashenzari_conservatory_becter

Skill      XL: |  1  2  3 |
---------------+----------+-----
Stealth        | 1 2 |  2.2
Armour         | 2 |  2.0
Fighting       | |  3.3
Axes           | |  3.7
Dodging        | |  1.5

Action                   || total
-------------------------++-------
Melee: Hand axe          ||    46
Invok: Berserk           ||     4
 Abil: Spit Poison       ||    11
  Use: Potion            ||     2
 Stab: Sleeping          ||     1
  Eat: Chunk             ||     1
Armor: Robe              ||     8
Dodge: Dodged            ||    29

Table legend:
 A = Spawn XP
 B = Non-spawn XP
 C = Spawn XP percentage of total XP
 D = Spawn monster count
 E = Non-spawn monster count
 F = Spawn count percentage of total count
 G = Total turns spent on level
                    A         B        C        D         E        F      G
               +---------+---------+-------+---------+---------+-------+---------
         Total |       0 |      73 |   0.0 |       0 |      24 |   0.0 |   375
               +---------+---------+-------+---------+---------+-------+---------
           D:1 |       0 |      18 |   0.0 |       0 |       7 |   0.0 |   144
           D:2 |       0 |      47 |   0.0 |       0 |      13 |   0.0 |   200
           D:3 |       0 |       8 |   0.0 |       0 |       4 |   0.0 |    31
               +---------+---------+-------+---------+---------+-------+---------
